[Event "Titled Tuesday Blitz March 14 Late 2023"]
[White "Manelyuk, Daniil"]
[Black "Pranav, V"]
[WhiteFideId "44173920"]
[BlackFideId "25060783"]
[WhiteElo "2259"]
[BlackElo "2500"]
[Result "1-0"]
[Round "02"]
[TimeControl "180+1"]
[Date "2023.03.14"]
[WhiteClock "0:00:06"]
[BlackClock "0:00:01"]

1. e4 e5 2. Nf3 Nc6 3. Bb5 a6 4. Ba4 Nf6 5. O-O b5 6. Bb3 Bb7 7. c3 Nxe4 8. Re1 d5 9. d3 Nc5 10. Nxe5 Nxe5 11. Rxe5+ Be7 12. Bc2 O-O 13. d4 Ne4 14. f3 Nf6 15. Nd2 c5 16. Nb3 cxd4 17. Nxd4 Re8 18. Bf4 Qb6 19. Qd3 Bf8 20. Rae1 Rxe5 21. Bxe5 g6 22. Bf4 Nh5 23. Be3 Qc7 24. Qd2 Bd6 25. g3 Re8 26. Bf2 Rxe1+ 27. Qxe1 Ng7 28. Bb3 h5 29. h4 Qd7 30. Kg2 Bc7 31. Qe3 Bc8 32. Qg5 Bb7 33. f4 Kh7 34. f5 Nxf5 35. Nxf5 Qxf5 36. Qxf5 gxf5 37. Bd4 Kg6 38. Kf3 f6 39. Bc2 Be5 40. Bd3 Bc8 41. a3 Kf7 42. Be3 Ke7 43. Bf4 Kd6 44. Ke3 Kc5 45. Be2 d4+ 46. Kd3 dxc3 47. bxc3 Be6 48. Bxh5 Bd5 49. Be2 Bc4+ 50. Ke3 Bxc3 51. h5 Bd4+ 52. Kd2 Bxe2 53. Kxe2 Kc4 54. h6 1-0


[Site "https://www.chess.com"]

[Event "Titled Tuesday Blitz March 14 Late 2023"]
[White "Martinez Alcantara, Jose Eduardo"]
[Black "Manukian, Artak"]
[WhiteFideId "3805662"]
[BlackFideId "13301373"]
[WhiteElo "2712"]
[BlackElo "2130"]
[Result "1-0"]
[Round "02"]
[TimeControl "180+1"]
[Date "2023.03.14"]
[WhiteClock "0:00:30"]
[BlackClock "0:01:48"]

1. e4 c6 2. d4 d5 3. e5 Bf5 4. h4 h5 5. Bd3 Bxd3 6. Qxd3 e6 7. Nf3 Qa5+ 8. Nbd2 Qb5 9. c4 dxc4 10. Nxc4 Nd7 11. O-O Nb6 12. b3 Nh6 13. a4 Qa6 14. Bg5 Nf5 15. Rfd1 Nxc4 16. bxc4 Be7 17. Bxe7 Kxe7 18. Qa3+ Ke8 19. d5 Qxc4 20. Rac1 Qe4 21. dxc6 bxc6 22. g3 Rd8 23. Rxd8+ Kxd8 24. Ng5 Qg4 25. Rxc6 Qd1+ 26. Kh2 Nxh4 27. Rd6+ 1-0


[Site "https://www.chess.com"]

[Event "Titled Tuesday Blitz March 14 Late 2023"]
[White "Matinian, Nikita"]
[Black "Burke, Paul"]
[WhiteFideId "24129100"]
[BlackFideId "2605767"]
[WhiteElo "2422"]
[BlackElo "1854"]
[Result "1-0"]
[Round "02"]
[TimeControl "180+1"]
[Date "2023.03.14"]
[WhiteClock "0:00:43"]
[BlackClock "0:00:14"]

1. e4 e5 2. Nf3 Nc6 3. Bb5 f5 4. Nc3 Nf6 5. Qe2 d6 6. d4 fxe4 7. Nxe4 Be7 8. dxe5 dxe5 9. Nxe5 O-O 10. Bxc6 bxc6 11. Nxc6 Qe8 12. Nxe7+ Qxe7 13. Nc3 Qf7 14. O-O Bb7 15. f3 Rae8 16. Qf2 Qg6 17. Bf4 Nd5 18. Nxd5 Bxd5 19. Bg3 c6 20. Rfe1 Rxe1+ 21. Rxe1 a6 22. b3 Re8 23. c4 Rxe1+ 24. Qxe1 Bf7 25. Qd1 h6 26. Kf2 Qe6 27. Bf4 Bg6 28. Qd4 Qf5 29. Bd2 Qc2 30. Kg3 Qxa2 31. Bc3 1-0


[Site "https://www.chess.com"]

[Event "Titled Tuesday Blitz March 14 Late 2023"]
[White "Mazurkiewicz, Michal"]
[Black "Rohith Krishna S"]
[WhiteFideId "1124943"]
[BlackFideId "46617051"]
[WhiteElo "2054"]
[BlackElo "2270"]
[Result "1-0"]
[Round "02"]
[TimeControl "180+1"]
[Date "2023.03.14"]
[WhiteClock "0:00:07"]
[BlackClock "0:00:08"]

1. e4 e5 2. Nf3 Nc6 3. Bb5 Nf6 4. O-O Nxe4 5. d4 Nd6 6. Bxc6 dxc6 7. dxe5 Nf5 8. Qxd8+ Kxd8 9. h3 Be7 10. Rd1+ Ke8 11. Nc3 h6 12. Ne4 Be6 13. b3 Rd8 14. Bb2 Bd5 15. Ned2 c5 16. Re1 b6 17. Ne4 Rg8 18. Rad1 Be6 19. c4 Rd7 20. g4 Nh4 21. Nxh4 Bxh4 22. Kg2 Ke7 23. Rxd7+ Kxd7 24. Rd1+ Kc6 25. f4 g6 26. Nc3 Rd8 27. Rxd8 Bxd8 28. Ne4 a6 29. Kf3 b5 30. Nd2 Be7 31. Ke4 Kb6 32. f5 Bd7 33. e6 gxf5+ 34. gxf5 fxe6 35. f6 Bd6 36. f7 Bf8 37. Kf4 Bc6 38. Ne4 Bxe4 39. Kxe4 Kc6 40. Ke5 Kd7 41. Kf6 h5 42. h4 c6 43. Kg6 Ke7 44. Bf6+ Kd6 45. Kxh5 e5 46. Kg6 Ke6 47. h5 e4 48. Bg5 a5 49. h6 a4 50. h7 Be7 51. Bxe7 e3 52. f8=Q e2 53. Qf6+ 1-0


[Site "https://www.chess.com"]

[Event "Titled Tuesday Blitz March 14 Late 2023"]
[White "Mekhane, Adam"]
[Black "Khatena, Moshe"]
[WhiteFideId "36050601"]
[BlackFideId "2010461"]
[WhiteElo "2177"]
[BlackElo "2202"]
[Result "1-0"]
[Round "02"]
[TimeControl "180+1"]
[Date "2023.03.14"]
[WhiteClock "0:00:04"]
[BlackClock "0:00:06"]

1. e4 Nf6 2. e5 Nd5 3. d4 d6 4. c4 Nb6 5. exd6 cxd6 6. Nc3 g6 7. Nf3 Bg7 8. Be2 O-O 9. O-O Bg4 10. b3 Nc6 11. Be3 d5 12. c5 Nc8 13. h3 Bxf3 14. Bxf3 e6 15. Qd2 N8e7 16. Nb5 Nf5 17. Bg4 Nxe3 18. fxe3 f5 19. Bf3 Bh6 20. Nd6 Rb8 21. b4 a6 22. a4 Qc7 23. b5 Nd8 24. Qd3 axb5 25. axb5 Nf7 26. Nxf7 Rxf7 27. Ra7 Qg3 28. b6 g5 29. Bh5 Rg7 30. Bd1 g4 31. Ra3 gxh3 32. Qe2 f4 33. Rf3 Qxg2+ 34. Qxg2 Rxg2+ 35. Kf1 fxe3 36. Rxh3 Rf2+ 37. Ke1 Bf4 38. Be2 Rf8 39. Rf3 Bg5 40. Rxf8+ Kxf8 41. Ra8+ Kg7 42. Rb8 Rh2 43. Rxb7+ Kf6 44. Rd7 Rh1+ 45. Bf1 Bh4+ 46. Ke2 Bf2 47. b7 e5 48. b8=Q exd4 49. Qf8+ Ke6 50. Re7# 1-0


[Site "https://www.chess.com"]

[Event "Titled Tuesday Blitz March 14 Late 2023"]
[White "Melikhov, Evgeny V."]
[Black "Volkov, Sergey"]
[WhiteFideId "4122046"]
[BlackFideId "4122763"]
[WhiteElo "2158"]
[BlackElo "2401"]
[Result "1-0"]
[Round "02"]
[TimeControl "180+1"]
[Date "2023.03.14"]
[WhiteClock "0:00:14"]
[BlackClock "0:01:02"]

1. d4 d5 2. c4 c6 3. Nc3 dxc4 4. e4 b5 5. a4 b4 6. Na2 e5 7. Nf3 b3 8. Nc3 exd4 9. Qxd4 Qxd4 10. Nxd4 Ba6 11. Bf4 Bc5 12. O-O-O Ne7 13. h4 O-O 14. Be2 Re8 15. f3 h5 16. g4 hxg4 17. fxg4 Ng6 18. Bg3 Ne5 19. Bxe5 Rxe5 20. h5 Bb4 21. h6 gxh6 22. Rxh6 Bxc3 23. bxc3 Rxe4 24. Rdh1 Rxd4 25. cxd4 c3 26. Bxa6 Nxa6 27. Rh8+ Kg7 28. Rxa8 Nb4 29. Rb8 Nd3+ 30. Kb1 c2+ 31. Ka1 c1=Q+ 32. Rxc1 Nxc1 33. Kb2 Ne2 34. Kxb3 Nxd4+ 35. Kc4 Nf3 36. a5 Ne5+ 37. Kd4 Nxg4 38. a6 Nf6 39. Rb7 Nd5 40. Rxa7 Nb4 41. Kc4 Nxa6 42. Rxa6 Kf6 43. Rxc6+ Ke5 44. Kd3 Kf4 45. Ke2 f5 46. Kf2 Kg4 47. Rc4+ f4 48. Ra4 Kf5 49. Kf3 Ke6 50. Rxf4 1-0


[Site "https://www.chess.com"]

[Event "Titled Tuesday Blitz March 14 Late 2023"]
[White "Melikyan, Gnel"]
[Black "Livaic, Leon"]
[WhiteFideId "54109990"]
[BlackFideId "14531534"]
[WhiteElo "2138"]
[BlackElo "2509"]
[Result "0-1"]
[Round "02"]
[TimeControl "180+1"]
[Date "2023.03.14"]
[WhiteClock "0:00:02"]
[BlackClock "0:00:15"]

1. e4 e6 2. d4 d5 3. e5 c5 4. c3 Nc6 5. Nf3 Bd7 6. a3 Nge7 7. b4 cxd4 8. cxd4 Nf5 9. Bb2 b5 10. Nc3 a5 11. Nxb5 axb4 12. a4 Na5 13. Bd3 Nc4 14. Qb1 Be7 15. O-O O-O 16. Rc1 Qb6 17. Bxc4 dxc4 18. Rxc4 Rxa4 19. Rxa4 Qxb5 20. Ra7 Qxc4 21. Rxd7 Ra8 22. d5 Qb5 23. dxe6 fxe6 24. Rd1 b3 25. g4 Nh6 26. h3 Qe2 27. Nd4 Qc4 28. Qd3 Qd5 29. Qxb3 Qxb3 30. Nxb3 Rb8 31. Rd3 Nf7 32. f4 Rb4 33. Bd4 g6 34. Kg2 h5 35. Nd2 Ra4 36. Kf3 Ra2 37. Ne4 Rh2 38. Nf2 Bh4 39. g5 Bxf2 40. Bxf2 Rxh3+ 41. Ke4 Rxd3 42. Kxd3 Nd8 43. Kc4 Nc6 44. Kb5 Ne7 45. Kc5 Kf7 46. Kd4 Nf5+ 47. Ke4 Ke7 48. Bc5+ Kd7 49. Bf2 Kc6 50. Kf3 Kb5 51. Ba7 Kc4 52. Bg1 Kd3 53. Bf2 h4 54. Bg1 h3 55. Ba7 h2 56. Kg2 Ke4 57. Kxh2 Kxf4 58. Bb8 Kxg5 59. Kg2 Kf4 60. Kf2 g5 61. Bc7 g4 62. Bb8 g3+ 63. Kg1 Kf3 64. Ba7 Nh4 65. Bb6 Ng6 66. Bd4 Nf4 67. Ba7 Ke4 68. Bb8 Nd3 69. Kg2 Kf4 70. Bc7 Kg4 71. Bb8 Nf4+ 72. Kg1 Kh3 73. Ba7 Ng6 74. Bd4 Nh4 75. Kf1 Nf3 76. Bc3 g2+ 0-1


[Site "https://www.chess.com"]

[Event "Titled Tuesday Blitz March 14 Late 2023"]
[White "Melkumyan, Hrant"]
[Black "Mendez Fortes, Eduardo Jesus"]
[WhiteFideId "13302485"]
[BlackFideId "3502376"]
[WhiteElo "2604"]
[BlackElo "2307"]
[Result "0-1"]
[Round "02"]
[TimeControl "180+1"]
[Date "2023.03.14"]
[WhiteClock "0:00:06"]
[BlackClock "0:00:07"]

1. d4 Nf6 2. c4 e6 3. Bf4 d5 4. e3 Bb4+ 5. Nc3 O-O 6. Rc1 Nbd7 7. Nf3 c5 8. dxc5 Nxc5 9. a3 Bxc3+ 10. Rxc3 Nce4 11. Rc1 Qa5+ 12. Nd2 dxc4 13. Rxc4 Rd8 14. Rd4 Rxd4 15. exd4 Nxd2 16. Qxd2 Qxd2+ 17. Kxd2 Bd7 18. Bd3 Bc6 19. f3 Rd8 20. Be5 Nd5 21. Rc1 f6 22. Bg3 Kf7 23. b4 a6 24. Bxa6 e5 25. b5 bxa6 26. bxc6 Nc7 27. Rc4 Ke6 28. Ke3 Nd5+ 29. Ke2 Rc8 30. dxe5 fxe5 31. Kf2 Ne7 32. c7 Kd6 33. Ra4 Nc6 34. Rxa6 Rxc7 35. h4 Rb7 36. Bxe5+ Kd5 37. Bc3 g6 38. Ra4 Rb3 39. Bf6 Ke6 40. Bh8 Rb8 41. Bg7 Rb7 42. Bh6 Ne5 43. Ra6+ Kd5 44. Ra5+ Ke6 45. Kg3 Nc4 46. Ra6+ Kf7 47. a4 Rd7 48. Bf4 Rd5 49. Ra7+ Kg8 50. Bh6 Nd6 51. Rg7+ Kh8 52. Kf4 Nf5 53. Ra7 Nxh6 54. g4 Kg8 55. a5 Rd4+ 56. Ke5 Ra4 57. a6 Nf7+ 58. Kf6 Rf4+ 59. Ke6 Kg7 60. Rc7 Rf6+ 61. Ke7 Rxa6 62. f4 Rf6 63. Rc4 h5 64. gxh5 gxh5 65. Rb4 Nh6 66. Ke8 Rf8+ 67. Ke7 Nf5+ 68. Ke6 Nxh4 69. Rb5 Rf6+ 70. Ke7 Ng6+ 71. Kd7 h4 72. f5 Nf8+ 73. Ke7 Rf7+ 74. Kd6 Kf6 75. Kd5 Kxf5 76. Kd4+ Kg4 77. Ke3 Rf3+ 78. Ke2 Ng6 79. Rb8 Nf4+ 80. Ke1 Rg3 81. Rg8+ Kf3 82. Rh8 h3 83. Kd2 Rg2+ 84. Kc3 h2 85. Kd4 Kf2 86. Ke4 Kg1 87. Kf3 h1=Q 88. Ra8 Qh3+ 89. Kxf4 Rg4+ 90. Ke5 Qh5+ 91. Kf6 Rg6+ 92. Ke7 Qh7+ 93. Kf8 Rg8# 0-1


[Site "https://www.chess.com"]

[Event "Titled Tuesday Blitz March 14 Late 2023"]
[White "Mendonca, Leon Luke"]
[Black "Topalov, Aleksandar"]
[WhiteFideId "35028561"]
[BlackFideId "925659"]
[WhiteElo "2464"]
[BlackElo "2151"]
[Result "1-0"]
[Round "02"]
[TimeControl "180+1"]
[Date "2023.03.14"]
[WhiteClock "0:00:16"]
[BlackClock "0:00:04"]

1. e4 e6 2. d3 d5 3. Nd2 c5 4. g3 Nc6 5. Bg2 Nf6 6. Ngf3 Be7 7. O-O O-O 8. Re1 b5 9. h4 a5 10. e5 Nd7 11. Nf1 b4 12. Bf4 Ba6 13. N1h2 a4 14. h5 a3 15. b3 Nd4 16. h6 g6 17. Nxd4 cxd4 18. Nf3 Qb6 19. Bg5 Bxg5 20. Nxg5 Rac8 21. Qd2 Bb7 22. Re2 Rc3 23. Qf4 Qc5 24. Rc1 Ba6 25. Rce1 Qe7 26. Rd2 Rfc8 27. Ree2 Bb7 28. Bf3 R8c5 29. Bg4 Nf8 30. Nf3 Nd7 31. Nxd4 Ba6 32. Nf3 Rc8 33. Nd4 Nc5 34. Re3 Nd7 35. Bh3 Nc5 36. Ne2 Nd7 37. Nxc3 bxc3 38. Rde2 Nc5 39. Qd4 Nd7 40. Rf3 Qc5 41. Rf4 Qc7 42. Re3 Bb7 43. Qb4 Nxe5 44. Rxe5 Qxe5 45. Qxb7 Rf8 46. Bf1 g5 47. Rf3 g4 48. Rf4 Qh5 49. Qb4 Qxh6 50. Rxg4+ Kh8 51. Qxc3+ f6 52. Qd4 Qh5 53. Rf4 e5 54. Qxd5 exf4 55. Qxh5 fxg3 56. fxg3 1-0


[Site "https://www.chess.com"]

[Event "Titled Tuesday Blitz March 14 Late 2023"]
[White "Mickiewicz, Piotr"]
[Black "Sokolovsky, Yahli"]
[WhiteFideId "1114891"]
[BlackFideId "2820242"]
[WhiteElo "2246"]
[BlackElo "2316"]
[Result "0-1"]
[Round "02"]
[TimeControl "180+1"]
[Date "2023.03.14"]
[WhiteClock "0:00:16"]
[BlackClock "0:00:08"]

1. Nf3 g6 2. e4 Bg7 3. Bc4 e6 4. Bb3 Ne7 5. d4 d5 6. e5 c5 7. c3 Nbc6 8. h4 h6 9. Bf4 b6 10. O-O Ba6 11. Re1 O-O 12. Nbd2 Nf5 13. dxc5 bxc5 14. g3 Rb8 15. Qc1 Qb6 16. Rb1 Bd3 17. Bc2 Qa6 18. Nb3 Bxc2 19. Qxc2 c4 20. Nc1 d4 21. cxd4 Ncxd4 22. Nxd4 Nxd4 23. Qe4 Rfd8 24. Ne2 Nxe2+ 25. Qxe2 Qxa2 26. Ra1 Qxb2 27. Qxc4 Qb7 28. Qc5 a6 29. Qe3 Kh7 30. Qa3 Ra8 31. Reb1 Qd5 32. Qa5 Qxa5 33. Rxa5 Rd5 34. Rba1 Rxa5 35. Rxa5 Bf8 36. Ra4 Be7 37. Rc4 Ra7 38. Bd2 a5 39. Bxa5 Rxa5 40. Rc7 Ba3 41. Rxf7+ Kg8 42. Rf6 Rxe5 43. Rxg6+ Kh7 44. Rg4 Bc5 45. Rf4 Kg6 46. Kg2 Re2 47. Rf3 Rc2 48. Rf4 e5 49. Rf3 e4 50. Rf4 e3 51. g4 e2 52. h5+ Kg7 53. Re4 Bb4 0-1


[Site "https://www.chess.com"]

[Event "Titled Tuesday Blitz March 14 Late 2023"]
[White "Mihajlov, Sebastian"]
[Black "Perez Rodriguez, Jennifer"]
[WhiteFideId "1512110"]
[BlackFideId "3507831"]
[WhiteElo "2464"]
[BlackElo "2170"]
[Result "1-0"]
[Round "02"]
[TimeControl "180+1"]
[Date "2023.03.14"]
[WhiteClock "0:00:29"]
[BlackClock "0:00:19"]

1. e4 e5 2. Nf3 Nc6 3. Bc4 Bc5 4. O-O Nf6 5. d4 Bxd4 6. Nxd4 Nxd4 7. Bg5 d6 8. f4 Qe7 9. fxe5 dxe5 10. c3 Ne6 11. Bxf6 gxf6 12. Na3 Bd7 13. Qd2 Rg8 14. Qf2 Nf4 15. Kh1 Rxg2 16. Qe3 Rg5 17. Rad1 a6 18. b4 Be6 19. Bb3 Bxb3 20. axb3 Qe6 21. Nc4 Kf8 22. Rg1 Kg8 23. Qc5 Qh3 24. Qe3 Qxe3 25. Nxe3 Rxg1+ 26. Rxg1+ Kf8 27. Rd1 Ke8 28. Nf5 Ne6 29. Kg2 Rd8 30. Rxd8+ Kxd8 31. Kf3 Kd7 32. Ne3 c6 33. Ng4 Ke7 34. Ne3 Nc7 35. c4 Ne6 36. Nf5+ Kd7 37. Ke3 b6 38. Kd3 Nf4+ 39. Kc3 Nh3 40. Kd2 Ng5 41. Ke3 Ne6 42. h4 c5 43. bxc5 bxc5 44. Nh6 Nd4 45. Nxf7 Nxb3 46. Nh6 a5 47. Kd3 a4 48. Kc3 Nd4 49. Kb2 Ne2 50. Nf5 Ke6 51. h5 Nf4 52. h6 Nd3+ 53. Ka3 Nf2 54. Ng3 f5 55. exf5+ Kf6 56. Kxa4 e4 57. Kb5 e3 58. Kxc5 Ne4+ 59. Nxe4+ Ke5 60. Nc3 1-0


[Site "https://www.chess.com"]

[Event "Titled Tuesday Blitz March 14 Late 2023"]
[White "Movahed, Sina"]
[Black "Fernandez Siles, Luis"]
[WhiteFideId "42520835"]
[BlackFideId "2209420"]
[WhiteElo "2225"]
[BlackElo "2186"]
[Result "1-0"]
[Round "02"]
[TimeControl "180+1"]
[Date "2023.03.14"]
[WhiteClock "0:00:35"]
[BlackClock "0:00:14"]

1. e4 c5 2. Nf3 Nc6 3. Bb5 g6 4. O-O Bg7 5. c3 Nf6 6. Re1 O-O 7. h3 e5 8. Bxc6 dxc6 9. Nxe5 Re8 10. d4 cxd4 11. cxd4 c5 12. Qb3 Be6 13. d5 Bc8 14. f4 g5 15. Nc3 gxf4 16. Nf3 Nh5 17. e5 c4 18. Qxc4 Qb6+ 19. Kh2 Qf2 20. Ne4 Qb6 21. Nd6 Bxh3 22. Kxh3 Qf2 23. Ne4 1-0


[Site "https://www.chess.com"]

[Event "Titled Tuesday Blitz March 14 Late 2023"]
[White "Nakamura, Hikaru"]
[Black "Goltsev, Dmitry"]
[WhiteFideId "2016192"]
[BlackFideId "24176710"]
[WhiteElo "2879"]
[BlackElo "2336"]
[Result "1-0"]
[Round "02"]
[TimeControl "180+1"]
[Date "2023.03.14"]
[WhiteClock "0:01:01"]
[BlackClock "0:01:22"]

1. g3 d5 2. Bg2 c6 3. d3 Nf6 4. Nf3 g6 5. Bd2 Bg7 6. Qc1 O-O 7. Bh6 Nbd7 8. h4 e5 9. Bxg7 Kxg7 10. Nc3 Re8 11. e4 dxe4 12. dxe4 Nc5 13. Qe3 Qb6 14. h5 Ncxe4 15. h6+ Kf8 16. Nd1 Qxe3+ 17. Nxe3 Nd6 18. O-O-O Nde4 19. Rhf1 Ng4 20. Rde1 Nxe3 21. Rxe3 f5 22. Rfe1 Be6 23. Nxe5 Nxf2 24. Nxc6 bxc6 25. Rxe6 Rxe6 26. Rxe6 Ng4 27. Rxc6 Rd8 28. b4 Nxh6 29. Rc7 Nf7 30. Rxa7 h5 31. b5 Rd6 32. a4 Ne5 33. a5 Nc4 34. a6 Re6 35. Rd7 Ke8 36. Rd1 Re2 37. Bf1 1-0


[Site "https://www.chess.com"]

[Event "Titled Tuesday Blitz March 14 Late 2023"]
[White "Nazari, Arad"]
[Black "Stelmaszyk, Nico"]
[WhiteFideId "12577324"]
[BlackFideId "16200462"]
[WhiteElo "2313"]
[BlackElo "2255"]
[Result "1-0"]
[Round "02"]
[TimeControl "180+1"]
[Date "2023.03.14"]
[WhiteClock "0:01:48"]
[BlackClock "0:00:09"]

1. e4 c5 2. Nf3 Nc6 3. Bb5 g6 4. Bxc6 dxc6 5. d3 Bg7 6. h3 e5 7. Be3 Nf6 8. Bxc5 Nd7 9. Be3 O-O 10. Qd2 c5 11. Bh6 Qb6 12. Bxg7 Kxg7 13. b3 Qe6 14. Nc3 b6 15. Ng5 Qd6 16. h4 h6 17. Nf3 Bb7 18. h5 g5 19. Ne2 Nf6 20. Ng3 Kh7 21. Nf5 Qe6 22. Nxh6 Kxh6 23. Nxg5 Qg4 24. Nxf7+ Kg7 25. Nxe5 Qxg2 26. O-O-O Kh7 27. Rdg1 Nxe4 28. dxe4 Qxe4 29. Qd7+ Rf7 30. Qxf7+ 1-0


[Site "https://www.chess.com"]

[Event "Titled Tuesday Blitz March 14 Late 2023"]
[White "Nesterov, Arseniy"]
[Black "Yelisieiev, Yevhenii"]
[WhiteFideId "24198455"]
[BlackFideId "14139642"]
[WhiteElo "2491"]
[BlackElo "2447"]
[Result "1-0"]
[Round "02"]
[TimeControl "180+1"]
[Date "2023.03.14"]
[WhiteClock "0:01:02"]
[BlackClock "0:00:02"]

1. d4 d6 2. c4 Nf6 3. Nc3 e5 4. d5 Be7 5. e4 O-O 6. Bd3 Nbd7 7. Nge2 Nc5 8. Bc2 a5 9. O-O c6 10. h3 cxd5 11. cxd5 Bd7 12. Be3 Rc8 13. a3 Ne8 14. b4 axb4 15. axb4 Na6 16. Qb1 Bg5 17. Bxg5 Qxg5 18. Kh2 f5 19. exf5 Bxf5 20. Bxf5 Qxf5 21. Qxf5 Rxf5 22. b5 Nc5 23. b6 Nf6 24. f3 Nfd7 25. Ng3 Rf6 26. Nce4 Rg6 27. Nf5 Nxe4 28. fxe4 Re8 29. Ne7+ Kh8 30. Nxg6+ hxg6 31. Rf7 Nc5 32. Ra7 Rb8 33. Rc7 Kh7 34. h4 g5 35. h5 g4 36. Kg3 Nxe4+ 37. Kxg4 Nc5 38. Kg5 e4 39. h6 e3 40. Rxg7+ Kh8 41. Re7 Rg8+ 42. Kh5 Rxg2 43. Ra8+ Rg8 44. Rxg8+ Kxg8 45. Kg6 Kf8 46. Rxe3 Nd7 47. h7 1-0


[Site "https://www.chess.com"]

[Event "Titled Tuesday Blitz March 14 Late 2023"]
[White "O`Gorman, Tom"]
[Black "Bacrot, Etienne"]
[WhiteFideId "2508249"]
[BlackFideId "605506"]
[WhiteElo "2271"]
[BlackElo "2663"]
[Result "0-1"]
[Round "02"]
[TimeControl "180+1"]
[Date "2023.03.14"]
[WhiteClock "0:00:20"]
[BlackClock "0:00:20"]

1. d4 d5 2. c4 e6 3. Nc3 c6 4. e3 Nd7 5. Nf3 Nh6 6. Qc2 f5 7. Rb1 Bd6 8. b4 a6 9. Bd3 O-O 10. a4 g5 11. h3 Qf6 12. b5 axb5 13. axb5 Rf7 14. Bb2 g4 15. hxg4 fxg4 16. Ng1 Nf8 17. e4 Bb4 18. e5 Qf4 19. g3 Qxd4 20. Rxh6 Ra2 21. Ne2 Qxf2+ 22. Kd1 d4 23. Qd2 dxc3 24. Qg5+ Kh8 25. Rf6 Rxf6 26. exf6 Ng6 27. Bxg6 Qf1+ 28. Kc2 Qxe2+ 29. Kb3 Rxb2+ 30. Rxb2 Qxb2+ 31. Ka4 Qa3# 0-1


[Site "https://www.chess.com"]

[Event "Titled Tuesday Blitz March 14 Late 2023"]
[White "Oro, Faustino"]
[Black "Harish, Neeraj"]
[WhiteFideId "20000197"]
[BlackFideId "30958130"]
[WhiteElo "1984"]
[BlackElo "1963"]
[Result "1-0"]
[Round "02"]
[TimeControl "180+1"]
[Date "2023.03.14"]
[WhiteClock "0:00:20"]
[BlackClock "0:00:03"]

1. Nf3 Nf6 2. e3 d5 3. b3 e6 4. Bb2 Be7 5. Be2 O-O 6. O-O c5 7. c4 Nc6 8. cxd5 exd5 9. d4 Bf5 10. Nbd2 cxd4 11. Nxd4 Nxd4 12. Bxd4 Rc8 13. Nf3 Ne4 14. Bd3 Bg4 15. h3 Bh5 16. Be2 Bxf3 17. Bxf3 Bf6 18. Qd3 Bxd4 19. Qxd4 Nf6 20. Qxa7 Qc7 21. Qd4 Rfd8 22. Rfd1 Qa5 23. Qd2 Qa7 24. Rac1 Rxc1 25. Rxc1 d4 26. exd4 h6 27. d5 Qa3 28. Rd1 Qd6 29. g3 Ne8 30. Kg2 Qf6 31. Qa5 Nd6 32. Qb6 Ra8 33. a4 Ra6 34. Qc7 Ra8 35. Re1 Qd8 36. Qxd8+ Rxd8 37. Rc1 Kf8 38. b4 Ke8 39. Rc7 Ra8 40. a5 Nb5 41. Rxb7 1-0


[Site "https://www.chess.com"]

[Event "Titled Tuesday Blitz March 14 Late 2023"]
[White "Osuna Vega, Enrique"]
[Black "Garrido Dominguez, Jesus"]
[WhiteFideId "2219549"]
[BlackFideId "2254174"]
[WhiteElo "2152"]
[BlackElo "2385"]
[Result "0-1"]
[Round "02"]
[TimeControl "180+1"]
[Date "2023.03.14"]
[WhiteClock "0:00:02"]
[BlackClock "0:00:56"]

1. e4 d6 2. d4 Nf6 3. Nc3 e5 4. Nf3 Nbd7 5. Bc4 Be7 6. a4 O-O 7. h3 c6 8. Be3 Nxe4 9. Nxe4 d5 10. Ned2 dxc4 11. Nxc4 e4 12. Nfd2 f5 13. Bf4 Nf6 14. Be5 Nd5 15. a5 Qe8 16. Nd6 Qg6 17. Nxc8 Raxc8 18. O-O Bg5 19. Nc4 Bf4 20. Kh1 Rcd8 21. Qe2 h6 22. f3 Qg3 23. Bxf4 Nxf4 24. Qf2 Qxf2 25. Rxf2 Rxd4 26. fxe4 Rxc4 27. Rxf4 fxe4 28. Rxf8+ Kxf8 29. c3 Ke7 30. Kg1 Ke6 31. Kf2 Rc5 32. Ke3 Rg5 33. g4 h5 34. Kxe4 hxg4 35. hxg4 Rxg4+ 36. Kf3 Rg5 37. Re1+ Re5 38. Rg1 g5 39. b4 Kd5 40. Rd1+ Ke6 41. Rh1 Rf5+ 42. Ke4 Rf4+ 43. Ke3 Rf7 44. Rg1 Rg7 45. Ke4 g4 46. Rg3 Kd6 47. Rd3+ Kc7 48. Rg3 b6 49. axb6+ Kxb6 50. Kf4 Kb5 51. Ke5 c5 52. bxc5 Kxc5 53. Kf4 Kc4 54. Ke5 a5 55. Kf6 Rg8 56. Kf7 Rg5 57. Kf6 Rc5 58. Rxg4+ Kxc3 59. Ke6 Kb3 60. Kd6 Rc3 61. Rg8 a4 62. Rb8+ Kc2 63. Ra8 a3 64. Kd5 Kb2 65. Kd4 Rc7 66. Rb8+ Kc2 67. Ra8 Rc3 68. Ra7 Rh3 69. Rc7+ Kb2 70. Rb7+ Rb3 71. Ra7 a2 72. Kc4 Rb8 0-1


[Site "https://www.chess.com"]

[Event "Titled Tuesday Blitz March 14 Late 2023"]
[White "Perez Ponsa, Federico"]
[Black "Mazibuko, Khanya"]
[WhiteFideId "117927"]
[BlackFideId "14321041"]
[WhiteElo "2592"]
[BlackElo "1873"]
[Result "1-0"]
[Round "02"]
[TimeControl "180+1"]
[Date "2023.03.14"]
[WhiteClock "0:01:47"]
[BlackClock "0:00:44"]

1. e4 e5 2. Nf3 Nc6 3. d4 exd4 4. Nxd4 Nf6 5. Nxc6 bxc6 6. Bd3 Bc5 7. e5 Qe7 8. O-O Nd5 9. c4 Nb6 10. Nc3 O-O 11. Qh5 g6 12. Qe2 Bd4 13. Re1 Re8 14. Bf4 Rb8 15. Ne4 Kh8 16. Nf6 Rd8 17. Qg4 d5 18. Qh4 h5 19. Bg5 Qc5 20. Re2 dxc4 21. Nxh5 gxh5 22. Qxh5+ Kg8 23. Qh7+ Kf8 24. Qh8# 1-0


[Site "https://www.chess.com"]

[Event "Titled Tuesday Blitz March 14 Late 2023"]
[White "Petukhov, Dmitry"]
[Black "Tsyhanchuk, Stanislav"]
[WhiteFideId "4142748"]
[BlackFideId "13505130"]
[WhiteElo "2311"]
[BlackElo "2173"]
[Result "1-0"]
[Round "02"]
[TimeControl "180+1"]
[Date "2023.03.14"]
[WhiteClock "0:00:18"]
[BlackClock "0:00:03"]

1. e4 c5 2. c3 e6 3. d4 d5 4. e5 Nc6 5. Nf3 Qb6 6. a3 c4 7. Nbd2 Nh6 8. Be2 Nf5 9. O-O h5 10. Re1 Bd7 11. Nf1 h4 12. h3 Na5 13. Ne3 Nb3 14. Rb1 Nxe3 15. Bxe3 Be7 16. Nh2 O-O-O 17. f4 Ba4 18. Rf1 g6 19. Qe1 Rdg8 20. Nf3 Qd8 21. Ng5 Rg7 22. Bg4 Bd7 23. Qf2 Kb8 24. Rbe1 a5 25. Re2 a4 26. Qe1 Na5 27. Rf3 b5 28. Bf2 Bxg5 29. fxg5 Qxg5 30. Rf6 Qh6 31. Be3 Qh7 32. Ref2 Nc6 33. Qf1 Nd8 34. Bg5 Kc7 35. R6f3 Rf8 36. Rf4 Nc6 37. Bd1 Qg8 38. Rxh4 Rh7 39. Rhf4 Bc8 40. R2f3 Kd7 41. Bc2 Ne7 42. Qd1 Nf5 43. Bxa4 bxa4 44. Qxa4+ Kc7 45. Qa5+ Kb8 46. b3 Bb7 47. bxc4 dxc4 48. Rf2 Rh5 49. Rxf5 gxf5 50. Be7 Rc8 51. Bd6+ Rc7 52. Qxc7+ Ka7 53. Bc5+ Ka8 54. Qa5+ Kb8 55. Bd6+ Kc8 56. Qc7# 1-0


[Site "https://www.chess.com"]

[Event "Titled Tuesday Blitz March 14 Late 2023"]
[White "Pham, Khoi"]
[Black "Ashraf, Artin"]
[WhiteFideId "1054988"]
[BlackFideId "22514805"]
[WhiteElo "2544"]
[BlackElo "2188"]
[Result "0-1"]
[Round "02"]
[TimeControl "180+1"]
[Date "2023.03.14"]
[WhiteClock "0:00:46"]
[BlackClock "0:00:16"]

1. Nf3 d5 2. e3 c5 3. c4 d4 4. exd4 cxd4 5. d3 Nc6 6. g3 Nf6 7. Bg2 e5 8. O-O Bd6 9. Re1 O-O 10. Nbd2 Bf5 11. Ne4 Nxe4 12. dxe4 Be6 13. b3 Bb4 14. Bd2 Bxd2 15. Qxd2 h6 16. Rf1 a5 17. Ne1 a4 18. Nd3 Qa5 19. b4 Qc7 20. Rac1 f6 21. a3 Ne7 22. f4 Bxc4 23. b5 Rfc8 24. Nb2 Bxf1 25. Rxc7 Rxc7 26. Bxf1 Rc3 27. Bc4+ Kh7 28. Be6 Rxa3 29. Qb4 Ra1+ 30. Kg2 a3 31. Nd3 a2 32. Bxa2 R1xa2+ 33. Kh3 Ng6 34. f5 Nf8 35. Qe7 b6 36. Nxe5 fxe5 37. f6 R2a7 38. fxg7 Rc7 39. Qxc7 Ne6 40. Qxe5 Re8 41. Qf6 d3 42. Qf7 Ng5+ 0-1


[Site "https://www.chess.com"]